 Dungeon Crawl Stone Soup version 0.20.1-1-g8b1a95d (console) character file.

150 bli the Chiller (level 5, -7/36 HPs)
             Began as a Barachi Ice Elementalist on July 23, 2017.
             Mangled by a gnoll
             ... wielding a +0 halberd
              (13 damage)
             ... on level 3 of the Dungeon.
             The game lasted 00:09:25 (2355 turns).

bli the Chiller (Barachi Ice Elementalist)          Turns: 2355, Time: 00:09:25

Health: -7/36      AC:  6    Str: 10    XL:     5   Next: 32%
Magic:  7/10       EV: 11    Int: 15    God:
Gold:   182        SH:  0    Dex: 18    Spells: 10/11 levels left

rFire    . . .     SeeInvis .   t - +0 dagger
rCold    . . .     Gourm    .   (no shield)
rNeg     . . .     Faith    .   q - +0 ring mail
rPois    .         Spirit   .   (no helmet)
rElec    .         Reflect  .   (no cloak)
rCorr    .         Harm     +   i - +0 pair of gloves
MR       .....                  (no boots)
Stlth    ++........             o - amulet of harm
Regen    0.2/turn               y - +5 ring of dexterity
MPRegen  0.2/turn               (no ring)

@: slow
A: +LOS, swims, slowness 1, strong legs 1
a: Hop


You were on level 3 of the Dungeon.
You were not hungry.

You visited 1 branch of the dungeon, and saw 3 of its levels.

You collected 182 gold pieces.

Inventory:

Hand Weapons
 t - a +0 dagger (weapon)
Missiles
 l - 9 javelins (quivered)
 n - 91 stones
Armour
 a - a +0 robe
 i - a +0 pair of gloves (worn)
 k - a +0 scale mail
 q - a +0 ring mail (worn)
Jewellery
 o - an amulet of harm (around neck)
 s - an uncursed amulet of rage {unknown}
 y - a +5 ring of dexterity (left hand)
Scrolls
 e - a scroll of teleportation {unknown}
 h - a scroll of identify {unknown}
 m - a scroll of enchant weapon {unknown}
 r - a scroll of recharging {unknown}
 w - 2 scrolls of fog {unknown}
 A - a scroll of blinking {unknown}
Potions
 d - 3 potions of curing {unknown}
 f - a potion of mutation {unknown}
 g - 3 potions of lignification {unknown}
 j - 2 potions of resistance {unknown}
 p - a potion of heal wounds {unknown}
 u - a potion of degeneration {unknown}
 v - a potion of agility {unknown}
Books
 b - a book of Frost

   Spells                             Type                      Level
   a - Freeze                         Ice                          1
   b - Throw Frost                    Conjuration/Ice              2
   c - Ozocubu's Armour               Charms/Ice                   3
   d - Throw Icicle                   Conjuration/Ice              4
   e - Summon Ice Beast               Ice/Summoning                4
Comestibles
 c - 3 bread rations
 x - a royal jelly
 z - 6 chunks of flesh


   Skills:
 * Level 0.5 Fighting
 + Level 0.2 Short Blades
 * Level 1.2 Armour
 + Level 2.2 Dodging
 + Level 2.2 Stealth
 * Level 3.8 Spellcasting
   Level 1.1 Conjurations
 + Level 5.1 Ice Magic


You had 10 spell levels left.
You knew the following spells:

 Your Spells              Type           Power        Failure   Level  Hunger
a - Freeze                Ice            ###.         5%          1    None


Dungeon Overview and Level Annotations

Branches:
Dungeon (3/15)

Altars:


Innate Abilities, Weirdness & Mutations

Shadows flee at your approach. (+LOS)
You can swim through water.
You cover ground slowly.
You can hop short distances.


Message History

The gnoll is lightly wounded.
The gnoll hits you with a halberd!
Casting: Freeze
Confirm with . or Enter, or press ? or * to list all spells.
Aiming: Freeze
Press: ? - help, Shift-Dir - straight line, f - gnoll
Aim: a gnoll, wielding a halberd (lightly wounded)
You freeze the gnoll.
The gnoll is moderately wounded.
The gnoll hits you with a halberd!
* * * LOW HITPOINT WARNING * * *
Casting: Freeze
Confirm with . or Enter, or press ? or * to list all spells.
Aiming: Freeze
Press: ? - help, Shift-Dir - straight line, f/p - gnoll
Aim: a gnoll, wielding a halberd (moderately wounded)
You freeze the gnoll.
The gnoll is moderately wounded.
The gnoll hits you with a halberd!
You die...

#....#.###..
#....#.# ##
#>...#.#
#....#)#
#...)..#
##...### ##.##
## ######.#
....#...##.# ##
......#.##.#...#
#....@...#
######g#...#
#.##### #.# ...
... .... ....
....


You could see a gnoll.

Vanquished Creatures
  An orc priest (D:2)
  2 gnolls (D:3)
  4 adders
  A worm (D:2)
  2 dart slugs
  5 orcs (D:2)
  4 giant cockroaches
  3 hobgoblins
  3 jackals (D:2)
  2 quokkas
  7 bats
  5 frilled lizards
  7 goblins
  8 kobolds
  3 rats
57 creatures vanquished.

Notes
Turn   | Place    | Note
-------+----------+-------------------------------------------
     0 | D:1      | bli the Barachi Ice Elementalist began the quest for the Orb.
     0 | D:1      | Reached XP level 1. HP: 13/13 MP: 3/3
   415 | D:1      | Reached XP level 2. HP: 15/19 MP: 3/5
   464 | D:1      | Reached skill level 4 in Ice Magic
   882 | D:2      | Reached XP level 3. HP: 24/24 MP: 4/7
  1120 | D:2      | Reached XP level 4. HP: 17/30 MP: 0/9
  1921 | D:2      | Reached skill level 5 in Ice Magic
  2188 | D:3      | Reached XP level 5. HP: 36/36 MP: 5/10
  2197 | D:3      | Reached skill level 1 in Armour
  2355 | D:3      | Mangled by a gnoll

Skill      XL: |  1  2  3  4  5 |
---------------+----------------+-----
Ice Magic      | 4 5 |  5.1
Stealth        | 2 |  2.2
Spellcasting   | 3 |  3.8
Armour         | 1 |  1.2
Fighting       | |  0.5
Short Blades   | |  0.2
Dodging        | |  2.2
Conjurations   | |  1.1

Action                   |  1- 3 |  4- 6 || total
-------------------------+-------+-------++-------
Melee: Unarmed           |    26 |       ||    26
       Dagger            |    10 |    66 ||    76
 Cast: Freeze            |    44 |    30 ||    74
 Stab: Sleeping          |     1 |       ||     1
  Eat: Chunk             |     1 |     5 ||     6
Armor: Robe              |     2 |       ||     2
       Ring mail         |    21 |    38 ||    59
Dodge: Dodged            |    41 |    47 ||    88
